 Dungeon Crawl Stone Soup version 0.30-a0-371-gad7725a93e (webtiles) character file.

Game seed: 11488386938325064879

93 purpskrrrp the Sneak (level 4, -5/30 HPs)
             Began as an Octopode Brigand on Nov 23, 2022.
             Slain by Natasha (8 damage)
             ... on level 2 of the Dungeon.
             The game lasted 00:02:14 (886 turns).

purpskrrrp the Sneak (Octopode Brigand)              Turns: 886, Time: 00:02:15

Health: -5/30      AC:  1    Str: 10    XL:     4   Next: 61%
Magic:  4/4        EV: 13    Int: 13    God:
Gold:   99         SH:  0    Dex: 15    Spells: 3/3 levels left

rFire   x . .      SeeInvis .    a - +2 dagger
rCold   + . .      Faith    .    (no shield)
rNeg    . . .      Spirit   .    (helmet restricted)
rPois   .          Reflect  .    k - amulet of regeneration
rElec   .          Harm     .    g - ring of willpower
rCorr   .          Rampage  .    i - ring of ice
Will    +....                    (no ring)
Stlth   ++++......               (no ring)
HPRegen 1.05/turn                (no ring)
MPRegen 0.09/turn                (no ring)
                                 (no ring)
                                 (no ring)

@: about to teleport, slowed, very slow
A: almost no armour, amphibious, 8 rings, camouflage 1, gelatinous body 1,
(nimble swimmer 1), tentacles
a: no special abilities


You were on level 2 of the Dungeon.
You visited 1 branch of the dungeon, and saw 2 of its levels.

You collected 99 gold pieces.

Inventory:

Hand Weapons
 a - a +2 dagger (weapon)
Missiles
 b - 9 poisoned darts
 c - 3 curare-tipped darts
Jewellery
 g - a ring of willpower (left tentacle)
 i - a ring of ice (right tentacle)
 k - an amulet of regeneration (around mantle)
Scrolls
 h - a scroll of poison {unknown}
 j - a scroll of identify
Potions
 e - a potion of attraction
 f - 2 potions of cancellation {unknown}
 l - a potion of curing {unknown}


   Skills:
 + Level 2.5 Fighting
 + Level 2.6 Short Blades
 - Level 2.0 Throwing
 + Level 1.9 Dodging
 * Level 6.4 Stealth
 + Level 1.3 Unarmed Combat


You had 3 spell levels left.
You didn't know any spells.
Your spell library was empty.

Dungeon Overview and Level Annotations

Branches:
Dungeon (2/15)

Altars:
Uskayaw

Annotations:
D:2 Natasha


Innate Abilities, Weirdness & Mutations

You cannot wear most types of armour.
You are amphibious.
You can wear up to eight rings at the same time.
Your skin changes colour to match your surroundings (Stealth+).
Your rubbery body absorbs attacks. (AC +1, EV +1)
((You are camouflaged when in or above water. (Stealth+)))
You have tentacles for arms and can constrict up to eight enemies at once.


Message History

* * * LOW HITPOINT WARNING * * *
You are too injured to fight recklessly!
You are too injured to fight recklessly!
You are too injured to fight recklessly!
You are too injured to fight recklessly!
You are too injured to fight recklessly!
You are too injured to fight recklessly!
You are too injured to fight recklessly!
You are too injured to fight recklessly!
You are too injured to fight recklessly!
You are too injured to fight recklessly!
You are too injured to fight recklessly!
You are too injured to fight recklessly!
You are too injured to fight recklessly!
You are too injured to fight recklessly!
You are too injured to fight recklessly!
You are too injured to fight recklessly!
You are too injured to fight recklessly!
You are too injured to fight recklessly!
You are too injured to fight recklessly!
You are too injured to fight recklessly!
You are too injured to fight recklessly!
You are too injured to fight recklessly!
You are too injured to fight recklessly!
Okay, then.
You release your grip on the iron imp.
Natasha casts a spell.
The iron imp hits you.
* * * LOW HITPOINT WARNING * * *
You hit Natasha. You grab Natasha.
Natasha is lightly wounded.
You constrict Natasha. The iron imp misses you. Natasha claws you!
* * * LOW HITPOINT WARNING * * *
Okay, then.
As you read the scroll of teleportation, it crumbles to dust.
You feel strangely unstable.
You constrict Natasha.
Natasha mumbles some strange words.
The iron imp shouts, "Turn tail, thou worthless boil-brained clack-dish!"
The iron imp closely misses you. Natasha claws you!
You die...

## #.......# #.......... ...
#.......# #.......... #.#
#.......# #..........
##.####.......#########.#####...#
.....................#### #...#
.#.###.###.#####...#†# #...#
)#..##.# #.#####...#.# #...#
.##.##.# #.##........# #####...#
.†.....# #.##.##@###.####.##.....
###....# #....5h55.......#.#.#.##
....#.####...........##......#.##
###........##.##..##...#.###.....
#.###.###.....##..##.##..# #....#
#.###.# ##.#####..##.##..###.##..
#.....# #.# #..............>..
####### #.. ...##.##.##.......
#### #.##. #. #####.##


You could see an iron imp (summoned), Natasha, a crimson imp (summoned) and a
shadow imp (summoned).

Vanquished Creatures
  Natasha (twice) (D:2)
  2 adders (D:2)
  A worm (D:2)
  A dart slug (D:2)
  4 endoplasms
  3 goblins
  A kobold (D:1)
  A quokka (D:1)
  A ball python (D:2)
  A bat (D:1)
  A frilled lizard (D:1)
  2 rats (D:1)
20 creatures vanquished.

Notes
Turn   | Place    | Note
-------+----------+-------------------------------------------
     0 | D:1      | purpskrrrp the Octopode Brigand began the quest for the
                  | Orb.
     0 | D:1      | Reached XP level 1. HP: 14/14 MP: 1/1
   172 | D:1      | Reached XP level 2. HP: 19/19 MP: 2/2
   577 | D:2      | Found a hide-covered altar of Uskayaw.
   623 | D:2      | Noticed Natasha
   633 | D:2      | Killed Natasha
   634 | D:2      | Reached skill level 6 in Stealth
   634 | D:2      | Reached skill level 1 in Unarmed Combat
   634 | D:2      | Reached XP level 3. HP: 17/24 MP: 3/3
   786 | D:2      | Noticed Natasha
   852 | D:2      | Reached XP level 4. HP: 30/30 MP: 4/4
   877 | D:2      | Killed Natasha
   879 | D:2      | Noticed Natasha
   885 | D:2      | HP: 1/30 [Natasha (9)]
   886 | D:2      | Slain by Natasha

Illustrated notes

Levels and vault maps discovered:
D:1:      lemuel_arrival_behind_the_door_small, layout_basic
D:2:      minmay_wonky_spiral, layout_loops_cross, basic_altar, corner_web_ring,
          uniq_natasha, uniq_jessica

Skill      XL: |  1  2 |
---------------+-------+-----
Stealth        | 6 |  6.4
Unarmed Combat | 1 |  1.3
Fighting       | |  2.5
Short Blades   | |  2.6
Throwing       | |  2.0
Dodging        | |  1.9

Action                   |  1- 3 |  4- 6 || total
-------------------------+-------+-------++-------
Melee: Dagger            |    29 |     8 ||    37
       Tentacles         |     6 |     3 ||     9
       Constrict         |     6 |     3 ||     9
Throw: Dart              |     3 |       ||     3
  Use: Scroll            |     5 |     1 ||     6
       Potion            |     1 |       ||     1
 Stab: Sleeping          |     6 |       ||     6
Armor: Skin              |     1 |     1 ||     2
Dodge: Dodged            |    12 |     3 ||    15

Table legend: (Time is in decaauts)
 A = Elapsed time spent in this place.
 B = Non-inter-level travel time spent in this place.
 C = Inter-level travel time spent in this place.
 D = Time resting spent in this place.
 E = Time spent auto-exploring this place.
 F = Levels seen in this place.
 G = Mean time per level.
                   A        B        C        D        E       F      G
               +--------+--------+--------+--------+--------+-----+--------+
         Total |    885 |    871 |     14 |      0 |    703 |   2 |  442.5 |
       Dungeon |    885 |    871 |     14 |      0 |    703 |   2 |  442.5 |
               +--------+--------+--------+--------+--------+-----+--------+

Top non-repeatable levels by time:
     D:1: 494 daAuts
     D:2: 391 daAuts
